 Dungeon Sprint DCSS version 0.30.1-9-gdf580d7c3d (webtiles) character file.

Game seed: 11593085621096409810

2154 Heoruswealwe the Impaler (level 9, -3/92 HPs)
             Began as a Minotaur Fighter on Sept 29, 2023.
             Was an Initiate of Gozag.
             Slain by a boulder beetle (15 damage)
             ... in the Dungeon (Sprint IX: "|||||||||||||||||||||||||||||").
             The game lasted 00:03:01 (164 turns).

Heoruswealwe the Impaler (Minotaur Fighter)          Turns: 164, Time: 00:03:02

Health: -3/92      AC: 14    Str: 25    XL:     9   Next: 10%
Magic:  8/8        EV: 10    Int:  5    God:    Gozag
Gold:   162        SH:  0    Dex: 10    Spells: 8/8 levels left

rFire   . . .        b - +2 halberd (heavy)
rCold   . . .        (shield currently unavailable)
rNeg    . . .        c - +1 scale mail
rPois   .            (helmet restricted)
rElec   .            (no cloak)
rCorr   .            (no gloves)
SInv    .            (no boots)
Will    .....        (no amulet) Stlth
                     k - +2 ring of protection
HPRegen 0.35/turn    j - +2 ring of protection
MPRegen 0.11/turn

%: no teleportation
@: gold aura
A: horns 2, retaliatory headbutt
a: Renounce Religion, Potion Petition, Call Merchant, Bribe Branch


You were in the Dungeon.
You worshipped Gozag.
Gozag was aware of your devotion.
You visited 1 branch You collected 162 gold pieces.

Inventory:

Hand Weapons
 a - a +0 trident
 b - a +2 heavy halberd (weapon)
Armour
 c - a +1 scale mail (worn)
 d - a +0 buckler
Jewellery
 j - a +2 ring of protection (right hand)
 k - a +2 ring of protection (left hand)
Wands
 h - a wand of roots (10)
Scrolls
 m - 2 scrolls of blinking
Potions
 e - 4 potions of curing
 g - a potion of haste
 i - a potion of berserk rage
 l - a potion of might


   Skills:
 + Level 12.8 Fighting
 * Level 17.2 Polearms
 + Level 12.8 Armour
 - Level 3.6 Shields


You had 8 spell levels left.
You didn't know any spells.
Your spell library was empty.

Dungeon Overview and Level Annotations

Branches:
Dungeon (1/1)

Altars:
Cheibriados
Dithmenos
Elyvilon
Fedhas
Gozag
Hepliaklqana
Kikubaaqudgha
Makhleb
Nemelex Xobeh
Okawaru
Qazlal
Ru
Sif Muna
Trog
Uskayaw
Vehumet
Wu Jian
Xom
Yredelemnul
Zin
The Shining One
Jiyva
Lugonu


Innate Abilities, Weirdness & Mutations

You have a pair of horns on your head.
You reflexively headbutt those who attack you in melee.


Message History

The boulder beetle is no longer distracted by gold.
The gargoyle hits you but does no damage.
You carve the gargoyle like a ham!!!
You destroy the gargoyle!
The boulder beetle leaps!
The komodo dragon is distracted by your dazzling golden aura.
The vampire mosquito bites you but does no damage.
Your Polearms skill increases to level 17!
You have reached level 9!
Your experience leads to an increase in your attributes!
Increase (S)trength, (I)ntelligence, or (D)exterity?
You feel stronger. x2
You closely miss the vampire mosquito.
The komodo dragon hisses angrily.
Your headbutt misses the vampire mosquito.
The vampire mosquito misses you. You furiously retaliate!
You headbutt the vampire mosquito. The vampire mosquito bites you.
* * * LOW HITPOINT WARNING * * *
The vampire mosquito draws strength from your injuries!
You hit the vampire mosquito but do no damage.
Your headbutt misses the vampire mosquito.
The komodo dragon is no longer distracted by gold.
The vampire mosquito barely misses you.
The vampire mosquito bites you but does no damage.
You barely miss the vampire mosquito. You headbutt the vampire mosquito.
The vampire mosquito is lightly damaged.
The vampire mosquito barely misses you. You furiously retaliate!
You headbutt the vampire mosquito.
The komodo dragon is distracted by your dazzling golden aura.
You hit the vampire mosquito. You headbutt the vampire mosquito!
The vampire mosquito is severely damaged.
The komodo dragon is no longer distracted by gold.
The vampire mosquito bites you but does no damage.
The vampire mosquito closely misses you.
You cut the vampire mosquito into ribbons!!!
You destroy the vampire mosquito!
You hit the boulder beetle but do no damage.
The boulder beetle bites you!
You die...
Your body crumbles into a pile of gold.

$
▓$▓
$
▓$▓
$ $
▓)▓
$
▓.▓
$ $
▓.▓
$
▓.▓
$
▓.▓
▓'▓
▓@▓
▓B▓
▓9▓
▓.▓
▓l▓
▓.▓
▓+▓


You could see a boulder beetle, a komodo dragon and a gargoyle.

Vanquished Creatures
  A boulder beetle (D)
  A gargoyle (D)
  An unseen horror (D)
  2 trolls (D)
  A vampire mosquito (D)
  An orc warrior (D)
  A black bear (D)
  A centaur (D)
  A phantom (D)
  A scorpion (D)
  A killer bee (D)
  A hound (D)
  A hobgoblin (D)
  A quokka (D)
  3 ball pythons (D)
  A rat (D)
19 creatures vanquished.

Notes
Turn   | Place    | Note
-------+----------+-------------------------------------------
     0 | D        | Heoruswealwe the Minotaur Fighter began the quest for the
                  | Orb.
     0 | D        | Reached XP level 1. HP: 19/19 MP: 0/0
     7 | D        | Reached skill level 3 in Polearms
    19 | D        | Noticed a hound
    19 | D        | Noticed a black bear
    19 | D        | Noticed a scorpion
    19 | D        | Noticed a phantom
    22 | D        | Killed a hound
    23 | D        | Reached skill level 5 in Fighting
    23 | D        | Reached skill level 5 in Polearms
    23 | D        | Reached skill level 5 in Armour
    23 | D        | Reached XP level 2. HP: 29/29 MP: 1/1
    23 | D        | Reached XP level 3. HP: 36/36 MP: 2/2
    25 | D        | Killed a black bear
    26 | D        | Reached skill level 8 in Polearms
    26 | D        | Reached XP level 4. HP: 45/45 MP: 3/3
    33 | D        | Killed a scorpion
    34 | D        | Reached skill level 9 in Polearms
    34 | D        | Reached XP level 5. HP: 52/52 MP: 4/4
    43 | D        | Killed a phantom
    44 | D        | Reached skill level 10 in Polearms
    52 | D        | Found a snail-covered altar of Cheibriados.
    52 | D        | Found a shadowy altar of Dithmenos.
    52 | D        | Found a white marble altar of Elyvilon.
    52 | D        | Found a blossoming altar of Fedhas.
    52 | D        | Found an opulent altar of Gozag.
    53 | D        | Found a hazy altar of Hepliaklqana.
    54 | D        | Found a viscous altar of Jiyva.
    55 | D        | Found an ancient bone altar of Kikubaaqudgha.
    56 | D        | Found a corrupted altar of Lugonu.
    57 | D        | Found a burning altar of Makhleb.
    58 | D        | Found a sparkling altar of Nemelex Xobeh.
    59 | D        | Found an iron altar of Okawaru.
    60 | D        | Became a worshipper of Gozag Ym Sagoz the Greedy
    61 | D        | Found a stormy altar of Qazlal.
    62 | D        | Found a sacrificial altar of Ru.
    63 | D        | Found a shimmering blue altar of Sif Muna.
    64 | D        | Found a bloodstained altar of Trog.
    65 | D        | Found a hide-covered altar of Uskayaw.
    66 | D        | Found a radiant altar of Vehumet.
    67 | D        | Found an ornate altar of the Wu Jian Council.
    68 | D        | Found a shimmering altar of Xom.
    69 | D        | Found a basalt altar of Yredelemnul.
    70 | D        | Found a glowing silver altar of Zin.
    71 | D        | Found a glowing golden altar of the Shining One.
   115 | D        | Noticed a troll
   115 | D        | Noticed an orc warrior
   115 | D        | Noticed a troll
   115 | D        | Noticed a centaur
   123 | D        | Reached skill level 11 in Polearms
   123 | D        | Reached XP level 6. HP: 48/62 MP: 5/5
   126 | D        | Killed a troll
   127 | D        | Reached skill level 12 in Polearms
   129 | D        | Killed an unseen horror
   130 | D        | Reached skill level 10 in Fighting
   130 | D        | Reached skill level 14 in Polearms
   130 | D        | Reached skill level 10 in Armour
   130 | D        | Reached XP level 7. HP: 38/73 MP: 6/6
   140 | D        | Killed a troll
   141 | D        | Reached XP level 8. HP: 37/82 MP: 7/7
   143 | D        | Reached skill level 15 in Polearms
   149 | D        | Noticed a gargoyle
   149 | D        | Noticed a boulder beetle
   149 | D        | Noticed a gargoyle
   149 | D        | Noticed a komodo dragon
   149 | D        | Noticed a boulder beetle
   155 | D        | Killed a boulder beetle
   156 | D        | Reached skill level 16 in Polearms
   158 | D        | Killed a gargoyle
   159 | D        | Reached skill level 17 in Polearms
   159 | D        | Reached XP level 9. HP: 12/92 MP: 8/8
   164 | D        | Slain by a boulder beetle

Illustrated notes

Levels and vault maps discovered:
D:        linesprint [early_d, line_temple, items_1, d_10, items_2, lair_1,
          lair_end, items_3, orc_1, orc_end, items_4, d_15, swamp_1, shoals_1,
          snake_1, spider_1, d_20, vaults_1, items_5, swamp_end, shoals_end,
          snake_end, spider_end, vaults_end, d_27, items_6, zot_1, zot_end,
          crypt_end, forest_end, elf_end, slime_end, tomb_end, abyss_end,
          pan_hell_end]

Skill      XL: |  1  2  3  4  5  6  7  8 |
---------------+-------------------------+-----
Polearms       | 5 8 9 11 14 17 | 17.2
Fighting       | 5 6 7 8 10 11 12 | 12.8
Armour         | 5 6 7 8 10 11 12 | 12.8
Shields        | |  3.6

Action                     |  1- 3 |  4- 6 |  7- 9 || total
---------------------------+-------+-------+-------++-------
  Melee: Trident           |    14 |    20 |       ||    34
         Headbutt          |     2 |     5 |     5 ||    12
         Halberd           |       |    12 |    22 ||    34
    Use: Potion            |       |     2 |     2 ||     4
 Armour: Scale mail        |     6 |    26 |    16 ||    48
  Dodge: Dodged            |     5 |    20 |    12 ||    37
  Block: Buckler           |     1 |     2 |       ||     3
